 Dungeon Crawl Stone Soup version 0.26-a0-949-ga0cc1ef5f6 (webtiles) character file.

Game seed: 15711025602320710365

6167 jestyr24 the Carver (level 10, -2/90 HPs)
             Began as a Minotaur Fighter on Nov 29, 2020.
             Was a Follower of Makhleb.
             Slain by a vampire (4 damage)
             ... on level 9 of the Dungeon.
             The game lasted 00:48:00 (8166 turns).

jestyr24 the Carver (Minotaur Fighter)              Turns: 8166, Time: 00:48:01

Health: -2/90      AC: 16    Str: 24    XL:     10   Next: 60%
Magic:  9/9        EV: 10    Int:  5    God:    Makhleb [*.....]
Gold:   422        SH:  0    Dex: 10    Spells: 9/9 levels left

rFire    . . .     SeeInvis .   k - +1 great sword
rCold    . . .     Faith    .   (shield currently unavailable)
rNeg     + . .     Spirit   .   t - +0 chain mail
rPois    +         Reflect  .   n - +0 hat
rElec    .         Harm     .   q - +2 cloak {rPois}
rCorr    .         Rampage  .   w - +0 pair of gloves
MR       .....                  (no boots)
Stlth    ..........             (no amulet)
HPRegen  0.25/turn              j - ring of positive energy
MPRegen  0.11/turn              l - ring of poison resistance

@: lightly drained
A: retaliatory headbutt, horns 2
a: Renounce Religion


You were on level 9 of the Dungeon.
You worshipped Makhleb.
Makhleb was aware of your devotion.
You visited 2 branches of the dungeon, and saw 10 of its levels.

You collected 422 gold pieces.

Inventory:

Hand Weapons
 a - a +0 long sword
 k - a +1 great sword (weapon)
 r - a +4 flail
Missiles
 m - 6 javelins
 o - 15 poisoned darts (quivered)
Armour
 c - a +0 kite shield
 n - a +0 hat (worn)
 q - a +2 cloak of poison resistance (worn)
 t - a +0 chain mail (worn)
 w - a +0 pair of gloves (worn)
 C - a scarf of shadows
Jewellery
 j - a ring of positive energy (left hand)
 l - a ring of poison resistance (right hand)
Wands
 s - a wand of iceblast (7)
 v - a wand of polymorph (15)
 y - a wand of flame (25)
 z - a wand of random effects (20)
 B - a wand of digging (3)
 E - a wand of paralysis (19)
Scrolls
 b - 2 scrolls of enchant weapon
 e - a scroll of blinking
 f - 6 scrolls of identify
 g - 3 scrolls of remove curse
 h - a scroll of brand weapon {unknown}
 i - 5 scrolls of teleportation
 p - 3 scrolls of magic mapping {unknown}
Potions
 d - a potion of might
 u - a potion of haste
 x - a potion of heal wounds
 A - 6 potions of flight


   Skills:
 + Level 8.8(8.6) Fighting
 + Level 13.2(13.0) Long Blades
 + Level 1.4(1.2) Throwing
 + Level 9.9(9.7) Armour
 + Level 4.6(4.4) Dodging
 - Level 4.3(4.1) Shields


You had 9 spell levels left.
You didn't know any spells.
Your spell library was empty.

Dungeon Overview and Level Annotations

Branches:
Dungeon (9/15)             Temple (1/1) D:6            Lair (0/6) D:8
    Orc: D:9-12

Altars:
Ashenzari
Cheibriados
Dithmenos
Elyvilon
Fedhas
Gozag
Hepliaklqana
Kikubaaqudgha
Makhleb
Nemelex Xobeh
Okawaru
Qazlal
Ru
Sif Muna
Trog
Uskayaw
Vehumet
Wu Jian
Xom
Yredelemnul
Zin
The Shining One

Shops:
D:8 [*


Innate Abilities, Weirdness & Mutations

You reflexively headbutt those who attack you in melee.
You have a pair of horns on your head.


Message History

Something hits you but does no damage. You partially resist.
You feel drained.
You closely miss something. You headbutt something.
Something hits you but does no damage. You partially resist.
You feel drained.
You slice something!! Makhleb accepts your kill.
Reactivating autopickup.
You feel a bit more experienced.
Deactivating autopickup; reactivate with Ctrl-A.
You closely miss something. Something hits you but does no damage.
Something bites you!
* * * LOW HITPOINT WARNING * * *
Something draws strength from your injuries!
You barely miss something. Your headbutt misses something. Something hits you.
* * * LOW HITPOINT WARNING * * *
Something bites you but does no damage.
You miss something. Something hits you but does no damage.
Something bites you but does no damage.
You closely miss something. Your headbutt misses something.
Something hits you but does no damage. Something bites you.
You die...

#. ...... #.# .....
..# #.# .... #.# #.#
... #.# #.# .. #.#
#.# .###.# ###.##
#.###.....# #.....
#..@{.....#####.....
#.###...............
#.# ##########.#.##
#.# #.#.# #.# #.#.#
#.## ######.#.# #..#
#......#.# ##.#
#.######.# #.# #.#
#...#


There were no monsters in sight!

Vanquished Creatures
  A two-headed ogre (D:9)
  Pikel (D:5)
  A queen bee (D:9)
  A troll (D:9)
  Grinder (D:3)
  A hornet (D:8)
  2 wyverns
  A phantom (D:4)
  2 ice beasts
  2 sky beasts (D:7)
  3 ogres
  3 centaurs
  A lemure (D:5)
  A big kobold (D:9)
  6 bullfrogs
  2 wyvern skeletons
  3 scorpions
  A water moccasin skeleton (D:8)
  14 killer bees
  3 howler monkeys (D:8)
  A bullfrog zombie (D:7)
  A centaur zombie (D:7)
  A bullfrog skeleton (D:4)
  6 jellies
  Crazy Yiuf (D:3)
  8 orc priests
  7 hounds
  13 orc wizards
  2 centaur skeletons
  2 iguanas
  2 worker ants
  A hound skeleton (D:7)
  7 gnolls (D:7)
  9 adders
  A shadow imp (D:7)
  2 white imps
  2 ufetubi
  An ooze (D:2)
  3 worms
  3 dart slugs
  6 leopard geckos
  33 orcs
  A giant cockroach (D:2)
  3 goblins
  A hobgoblin (D:2)
  3 jackals (D:3)
  9 kobolds
  5 quokkas
  A ball python (D:4)
  4 bats (D:2)
  A frilled lizard (D:4)
  2 leopard gecko skeletons
  A quokka skeleton (D:6)
  4 rats
197 creatures vanquished.

Vanquished Creatures (others)
  A howler monkey (D:9)
  15 plants (D:9)
16 creatures vanquished.

Grand Total: 213 creatures vanquished

Notes
Turn   | Place    | Note
-------+----------+-------------------------------------------
     0 | D:1      | jestyr24 the Minotaur Fighter began the quest for the Orb.
     0 | D:1      | Reached XP level 1. HP: 19/19 MP: 0/0
    14 | D:1      | You fall into a shaft and drop 1 floor!
    23 | D:2      | Reached XP level 2. HP: 14/27 MP: 1/1
   643 | D:2      | Reached XP level 3. HP: 31/33 MP: 2/2
  1421 | D:3      | Reached XP level 4. HP: 34/40 MP: 3/3
  1587 | D:3      | Found a runed translucent door.
  1588 | D:3      | Noticed Crazy Yiuf
  1592 | D:3      | Killed Crazy Yiuf
  1593 | D:3      | Reached skill level 3 in Long Blades
  1593 | D:3      | Reached skill level 5 in Armour
  1813 | D:3      | Noticed Grinder
  1822 | D:3      | Killed Grinder
  1823 | D:3      | Reached skill level 4 in Long Blades
  1823 | D:3      | Reached skill level 1 in Dodging
  1823 | D:3      | Reached XP level 5. HP: 23/47 MP: 4/4
  1823 | D:3      | Reached XP level 6. HP: 26/53 MP: 5/5
  2040 | D:3      | Found an opulent altar of Gozag.
  2190 | D:4      | Reached skill level 5 in Long Blades
  2593 | D:4      | Found a glowing golden altar of the Shining One.
  2797 | D:4      | Reached XP level 7. HP: 60/60 MP: 6/6
  2868 | D:4      | Reached skill level 5 in Fighting
  2868 | D:4      | Reached skill level 6 in Long Blades
  2971 | D:5      | Entered Level 5 of the Dungeon
  3433 | D:5      | Reached skill level 7 in Long Blades
  3539 | D:5      | Reached XP level 8. HP: 38/69 MP: 7/7
  3757 | D:5      | Noticed Pikel
  3777 | D:5      | Killed Pikel
  3778 | D:5      | Reached skill level 8 in Long Blades
  3989 | D:5      | Reached skill level 9 in Long Blades
  4041 | D:5      | You fall into a shaft and drop 2 floors!
  4068 | D:7      | Found a blossoming altar of Fedhas.
  4219 | D:7      | Reached XP level 9. HP: 57/78 MP: 8/8
  4406 | D:7      | Reached skill level 10 in Long Blades
  4745 | D:7      | Found a broken altar of Ashenzari.
  5194 | D:8      | Reached skill level 11 in Long Blades
  5195 | D:8      | Found a staircase to the Lair.
  5255 | D:8      | Found Bionel's Armour Shop.
  5262 | D:8      | Got an ominously black robe
  5263 | D:8      | Identified the cursed +1 robe of the Sun {Slay+2} (You
                  | found it on level 8 of the Dungeon)
  5330 | D:8      | Found an ornate altar of the Wu Jian Council.
  5525 | D:8      | Found Ameyf's Assorted Antiques.
  5549 | D:8      | Reached skill level 1 in Throwing
  6386 | D:6      | Found a staircase to the Ecumenical Temple.
  6397 | Temple   | Entered the Ecumenical Temple
  6529 | Temple   | Became a worshipper of Makhleb the Destroyer
  6544 | D:6      | Reached skill level 12 in Long Blades
  6544 | D:6      | Reached XP level 10. HP: 50/88 MP: 9/9
  7604 | D:9      | Reached * piety under Makhleb
  7883 | D:9      | Found a radiant altar of Vehumet.
  8148 | D:9      | Noticed a two-headed ogre
  8157 | D:9      | HP: 3/90 [two-headed ogre/+0 dire flail (18)]
  8158 | D:9      | Killed a two-headed ogre
  8159 | D:9      | Reached skill level 13 in Long Blades
  8163 | D:9      | HP: 3/90 [something (9)]
  8164 | D:9      | HP: 1/90 [something (2)]
  8166 | D:9      | Slain by a vampire

Illustrated notes

Levels and vault maps discovered:
D:1:      minmay_arrival_semitransparent, layout_loops_cross
D:2:      layout_loops_corners
D:3:      layout_basic, nicolae_gozag_cash_rules_everything_around_me,
          uniq_crazy_yiuf_cottage, uniq_grinder
D:4:      layout_cave_pods, tso_metal_star, st_stairs_9
D:5:      layout_basic, serial_park_tiny_1, mrwooster_statue_mirror, uniq_pikel
D:6:      layout_basic, minmay_temple_entry_large_hall
D:7:      layout_loops_ring, lemuel_doored_altar, fedhas_altar_fruit_tree
D:8:      layout_cave_pods, lemuel_crystal_altar, lair_entry_dummy,
          serial_shops, nicolae_shop_temple_entry_statues_fountains,
          nicolae_shop_behind_doors
D:9:      layout_loops_ring, fiery_altar_vehumet, nicolae_looking_at_the_future
Temple:   eino_temple_scatter_basement

Skill      XL: |  1  2  3  4  5  6  7  8  9 10 |
---------------+-------------------------------+-----
Armour         | 4 5 6 7 8 9 |  9.9
Shields        | 4 |  4.3
Fighting       | 4 5 6 7 8 |  8.8
Long Blades    | 4 5 7 9 12 13 | 13.2
Dodging        | 1 2 3 4 |  4.6
Throwing       | 1 |  1.4

Action                   |  1- 3 |  4- 6 |  7- 9 | 10-12 || total
-------------------------+-------+-------+-------+-------++-------
Melee: Long sword        |    74 |       |       |       ||    74
       Headbutt          |    11 |    11 |    56 |    11 ||    89
       Great sword       |     9 |    52 |   261 |   101 ||   423
Throw: Dart              |       |       |     8 |       ||     8
  Use: Potion            |       |       |    10 |       ||    10
       Scroll            |       |       |     7 |       ||     7
Armor: Scale mail        |    49 |    26 |   165 |       ||   240
       Chain mail        |       |       |    46 |    93 ||   139
Dodge: Dodged            |    28 |    33 |   193 |   104 ||   358
Block: Kite shield       |    44 |       |       |       ||    44
       Rpst.: Long sword |     6 |       |       |       ||     6
       Great sword       |     2 |    12 |    56 |    27 ||    97

Table legend: (Time is in decaauts)
 A = Elapsed time spent in this place.
 B = Non-inter-level travel time spent in this place.
 C = Inter-level travel time spent in this place.
 D = Time resting spent in this place.
 E = Time spent auto-exploring this place.
 F = Levels seen in this place.
 G = Mean time per level.
                   A        B        C        D        E       F      G
               +--------+--------+--------+--------+--------+-----+--------+
         Total |   8302 |   8039 |    263 |   1839 |   4000 |  10 |  830.2 |
       Dungeon |   8160 |   7929 |    231 |   1839 |   3967 |   9 |  906.7 |
        Temple |    141 |    109 |     32 |      0 |     33 |   1 |  141.0 |
               +--------+--------+--------+--------+--------+-----+--------+

Top non-repeatable levels by time:
     D:2: 1268 daAuts
     D:4: 1197 daAuts
     D:7: 1116 daAuts
     D:8: 978 daAuts
     D:5: 940 daAuts
     D:3: 939 daAuts
     D:6: 894 daAuts
     D:9: 812 daAuts
  Temple: 141 daAuts
     D:1: 14 daAuts
